| TOP OF THE 1ST |
|
Auburn Doubledays batting - Pitching for Milwaukee (NYP) Brewers : RHP Adam Robinson
|
|
Pitching: RHP Adam Robinson
|
|
|
Batting: RHB Victor Rojas
|
0-0: Ball 1-0: Ball 2-0: Ground out 5-3 (Groundball, 56, EV 101.2 MPH)
|
|
Batting: RHB Jess Thomas
|
0-0: Ball 1-0: Foul Ball, location: 2F 1-1: Foul Ball, location: 2F 1-2: Ball 2-2: SOLO HOME RUN (Line Drive, 8LXD, EV 116.9 MPH), Distance : 456 ft
|
|
Batting: RHB Luis Vargas
|
0-0: Ball 1-0: Foul Ball, location: 2F 1-1: Ball 2-1: Hit by Pitch
|
|
Batting: RHB Akira Ishihara
|
0-0: Swinging Strike 0-1: Foul Ball, location: 2F 0-2: Ball 1-2: Fly out, F8 (Flyball, 8RD, EV 95.6 MPH)
|
|
Batting: RHB Charlie Iacovone
|
0-0: Called Strike 0-1: Ball 1-1: Ball 2-1: DOUBLE (Line Drive, 78D, EV 106.2 MPH) Luis Vargas to third
|
|
Batting: LHB Tony Olvera
|
0-0: Ball 1-0: Called Strike 1-1: SINGLE (Groundball, 6M, EV 99.4 MPH) (infield hit) Luis Vargas scores Charlie Iacovone to third
|
|
Batting: RHB Jason Curry
|
0-0: Called Strike 0-1: Ball 1-1: SINGLE (Groundball, 6MD, EV 96.9 MPH) Charlie Iacovone scores Tony Olvera to second
|
|
Batting: RHB Ivan Torres
|
0-0: Ball 1-0: DOUBLE (Flyball, 89D, EV 103.8 MPH) Tony Olvera scores Jason Curry to third Runner from 3rd tries for Home, SAFE, no throw by CF
|
|
Batting: RHB Franklin Ortega
|
0-0: Called Strike 0-1: Hit by Pitch
|
|
Pitching: RHP Butch Powers
|
|
|
Batting: RHB Victor Rojas
|
0-0: Called Strike 0-1: Called Strike 0-2: Strikes out swinging
|
| Top of the 1st over - 5 runs, 5 hits, 0 errors, 2 left on base; Auburn 5 - Milwaukee (NYP) 0 |
| BOTTOM OF THE 1ST |
|
Milwaukee (NYP) Brewers batting - Pitching for Auburn Doubledays : RHP Romel Padua
|
|
Pitching: RHP Romel Padua
|
|
|
Batting: RHB Chris Maul
|
0-0: Ball 1-0: Ground out 3-1 (Groundball, 34S, EV 83.8 MPH)
|
|
Batting: LHB Fumito Sakurai
|
0-0: Foul Ball, location: 2F 0-1: Fly out, F7 (Flyball, 78D, EV 85.6 MPH)
|
|
Batting: RHB Ryan Miller
|
0-0: Foul Ball, location: 2F 0-1: Swinging Strike 0-2: Ball 1-2: Foul Ball, location: 2F 1-2: Ball 2-2: Ball 3-2: Base on Balls
|
|
Batting: RHB Alfredo Sena
|
0-0: Ball Ryan Miller steals 2nd base 1-0: Foul Ball, location: 2F 1-1: Ball 2-1: Ball 3-1: SINGLE (Flyball, 56D, EV 98.8 MPH) Ryan Miller to third Runner from 3rd tries for Home, SAFE, throw by LF to home
|
|
Batting: RHB Tristan Smeets
|
0-0: Ball 1-0: SINGLE (Groundball, 6MS, EV 70.6 MPH) (infield hit) Alfredo Sena to second
|
|
Batting: RHB Jeremy Harden
|
0-0: Ball 1-0: Ball 2-0: Ball 3-0: Base on Balls Alfredo Sena to third Tristan Smeets to second
|
|
Batting: RHB Tony Beaumond
|
0-0: Foul Ball, location: 2F 0-1: Called Strike 0-2: Ball 1-2: Ball 2-2: Fly out, F9 (Line Drive, 89M, EV 110.0 MPH)
|
| Bottom of the 1st over - 1 run, 2 hits, 0 errors, 3 left on base; Auburn 5 - Milwaukee (NYP) 1 |
| TOP OF THE 2ND |
|
Auburn Doubledays batting - Pitching for Milwaukee (NYP) Brewers : RHP Butch Powers
|
|
Batting: RHB Jess Thomas
|
0-0: Ball 1-0: Foul Ball, location: 2F 1-1: Foul Ball, location: 2F 1-2: Ball 2-2: Ball 3-2: Foul Ball, location: 2F 3-2: Strikes out swinging
|
|
Batting: RHB Luis Vargas
|
0-0: Ball 1-0: Ground out 1-3 (Groundball, 13S, EV 68.1 MPH)
|
|
Batting: RHB Akira Ishihara
|
0-0: Ball 1-0: Fly out, F8 (Flyball, 89M, EV 86.9 MPH)
|
| Top of the 2nd over - 0 runs, 0 hits, 0 errors, 0 left on base; Auburn 5 - Milwaukee (NYP) 1 |
| BOTTOM OF THE 2ND |
|
Milwaukee (NYP) Brewers batting - Pitching for Auburn Doubledays : RHP Romel Padua
|
|
Batting: RHB Wiliama Dana
|
0-0: Called Strike 0-1: Called Strike 0-2: Ball 1-2: Ball 2-2: Ball 3-2: DOUBLE (Line Drive, 78D, EV 106.2 MPH)
|
|
Batting: RHB Chris Riddel
|
0-0: Ball Wiliama Dana is caught stealing 3rd base 2-5 1-0: Called Strike 1-1: Ground out U3 (Groundball, 34S, EV 88.8 MPH)
|
|
Batting: RHB Chris Maul
|
0-0: Ball 1-0: Ball 2-0: Foul Ball, location: 2F 2-1: Ball 3-1: Base on Balls
|
|
Batting: LHB Fumito Sakurai
|
0-0: Ball 1-0: Ball Chris Maul is caught stealing 2nd base 2-6
|
| Bottom of the 2nd over - 0 runs, 1 hit, 0 errors, 0 left on base; Auburn 5 - Milwaukee (NYP) 1 |
| TOP OF THE 3RD |
|
Auburn Doubledays batting - Pitching for Milwaukee (NYP) Brewers : RHP Butch Powers
|
|
Batting: RHB Charlie Iacovone
|
0-0: Fly out, F9 (Flyball, 9LM, EV 109.4 MPH)
|
|
Batting: LHB Tony Olvera
|
0-0: Ball 1-0: Called Strike 1-1: Ball 2-1: Ball 3-1: Foul Ball, location: 2F 3-2: Ground out 6-3 (Groundball, 6, EV 89.4 MPH)
|
|
Batting: RHB Jason Curry
|
0-0: Called Strike 0-1: Ball 1-1: Fly out, F2 (Popup, 23F, EV 90.0 MPH)
|
| Top of the 3rd over - 0 runs, 0 hits, 0 errors, 0 left on base; Auburn 5 - Milwaukee (NYP) 1 |
| BOTTOM OF THE 3RD |
|
Milwaukee (NYP) Brewers batting - Pitching for Auburn Doubledays : RHP Romel Padua
|
|
Batting: LHB Fumito Sakurai
|
0-0: Swinging Strike 0-1: Ball 1-1: Swinging Strike 1-2: Ball 2-2: Ball 3-2: Foul Ball, location: 2F 3-2: Foul Ball, location: 2F 3-2: Foul Ball, location: 2F 3-2: Base on Balls
|
|
Batting: RHB Ryan Miller
|
0-0: Called Strike Fumito Sakurai steals 2nd base 0-1: Ground out 6-3 (Groundball, 56, EV 78.8 MPH)
|
|
Batting: RHB Alfredo Sena
|
0-0: Called Strike 0-1: Ball 1-1: SINGLE (Groundball, 6D, EV 100.6 MPH) Fumito Sakurai to third
|
|
Batting: RHB Tristan Smeets
|
0-0: Foul Ball, location: 2F 0-1: Ball 1-1: Ball 2-1: Ball 3-1: Foul Ball, location: 2F 3-2: Strikes out swinging
|
|
Batting: RHB Jeremy Harden
|
0-0: Ball 1-0: Foul Ball, location: 2F 1-1: Ball Wild Pitch! Fumito Sakurai scores Alfredo Sena to second 2-1: 2-RUN HOME RUN (Flyball, 89XD, EV 98.1 MPH), Distance : 403 ft
|
|
Batting: RHB Tony Beaumond
|
0-0: Ground out 4-3 (Groundball, 4, EV 91.2 MPH)
|
| Bottom of the 3rd over - 3 runs, 2 hits, 0 errors, 0 left on base; Auburn 5 - Milwaukee (NYP) 4 |
| TOP OF THE 4TH |
|
Auburn Doubledays batting - Pitching for Milwaukee (NYP) Brewers : RHP Butch Powers
|
|
Batting: RHB Ivan Torres
|
0-0: Ground out 5-3 (Groundball, 56, EV 86.2 MPH)
|
|
Batting: RHB Franklin Ortega
|
0-0: Fly out, F7 (Flyball, 78M, EV 88.1 MPH)
|
|
Batting: RHB Victor Rojas
|
0-0: Called Strike 0-1: Foul Ball, location: 2F 0-2: Ball 1-2: Ball 2-2: Strikes out looking
|
| Top of the 4th over - 0 runs, 0 hits, 0 errors, 0 left on base; Auburn 5 - Milwaukee (NYP) 4 |
| BOTTOM OF THE 4TH |
|
Milwaukee (NYP) Brewers batting - Pitching for Auburn Doubledays : RHP Romel Padua
|
|
Batting: RHB Wiliama Dana
|
0-0: Ball 1-0: Called Strike 1-1: Ball 2-1: Ball 3-1: Foul Ball, location: 2F 3-2: Foul Ball, location: 2F 3-2: Ground out 1-3 (Groundball, 15, EV 66.9 MPH)
|
|
Batting: RHB Chris Riddel
|
0-0: Called Strike 0-1: Swinging Strike 0-2: Ball 1-2: Ball 2-2: Foul Ball, location: 2F 2-2: Foul Ball, location: 2F 2-2: Strikes out swinging
|
|
Pitching: RHP Carlos Perez
|
|
|
Batting: RHB Chris Maul
|
0-0: Ball 1-0: Foul Ball, location: 2F 1-1: Ball 2-1: Ground out 6-3 (Groundball, 6, EV 83.1 MPH)
|
| Bottom of the 4th over - 0 runs, 0 hits, 0 errors, 0 left on base; Auburn 5 - Milwaukee (NYP) 4 |
| TOP OF THE 5TH |
|
Auburn Doubledays batting - Pitching for Milwaukee (NYP) Brewers : RHP Butch Powers
|
|
Batting: RHB Jess Thomas
|
0-0: Ball 1-0: Swinging Strike 1-1: Ball 2-1: Ground out 6-3 (Groundball, 6, EV 77.5 MPH)
|
|
Pitching: RHP Sam Alexander
|
|
|
Batting: RHB Luis Vargas
|
0-0: Called Strike 0-1: Fly out, F3 (Popup, 23F, EV 86.9 MPH)
|
|
Batting: RHB Akira Ishihara
|
0-0: Called Strike 0-1: Foul Ball, location: 2F 0-2: Strikes out looking
|
| Top of the 5th over - 0 runs, 0 hits, 0 errors, 0 left on base; Auburn 5 - Milwaukee (NYP) 4 |
| BOTTOM OF THE 5TH |
|
Milwaukee (NYP) Brewers batting - Pitching for Auburn Doubledays : RHP Carlos Perez
|
|
Batting: LHB Fumito Sakurai
|
0-0: Called Strike 0-1: Ball 1-1: Foul Ball, location: 2F 1-2: Strikes out swinging
|
|
Batting: RHB Ryan Miller
|
0-0: Called Strike 0-1: Fly out, F9 (Line Drive, 9S, EV 95.0 MPH)
|
|
Batting: RHB Alfredo Sena
|
0-0: Ball 1-0: Swinging Strike 1-1: Called Strike 1-2: Strikes out looking
|
| Bottom of the 5th over - 0 runs, 0 hits, 0 errors, 0 left on base; Auburn 5 - Milwaukee (NYP) 4 |
| TOP OF THE 6TH |
|
Auburn Doubledays batting - Pitching for Milwaukee (NYP) Brewers : RHP Sam Alexander
|
|
Batting: RHB Charlie Iacovone
|
0-0: Ball 1-0: Swinging Strike 1-1: Swinging Strike 1-2: Ball 2-2: Strikes out swinging
|
|
Batting: LHB Tony Olvera
|
0-0: Ball 1-0: Ground out 2-3 (Groundball, 2L, EV 73.8 MPH)
|
|
Batting: RHB Jason Curry
|
0-0: SINGLE (Groundball, 56D, EV 103.8 MPH)
|
|
Batting: RHB Ivan Torres
|
0-0: Called Strike 0-1: Foul Ball, location: 2F 0-2: Ball 1-2: Ball 2-2: Strikes out looking
|
| Top of the 6th over - 0 runs, 1 hit, 0 errors, 1 left on base; Auburn 5 - Milwaukee (NYP) 4 |
| BOTTOM OF THE 6TH |
|
Milwaukee (NYP) Brewers batting - Pitching for Auburn Doubledays : RHP Carlos Perez
|
|
Batting: RHB Tristan Smeets
|
0-0: Ball 1-0: Swinging Strike 1-1: Hit by Pitch
|
|
Batting: RHB Jeremy Harden
|
0-0: Ball 1-0: Ball 2-0: Ball 3-0: Called Strike 3-1: Called Strike 3-2: Foul Ball, location: 2F 3-2: Base on Balls Tristan Smeets to second
|
|
Pinch Hitting: LHB Dusty Bryant
|
0-0: Ball 1-0: Swinging Strike 1-1: Ball 2-1: Foul Ball, location: 2F 2-2: Strikes out swinging
|
|
Batting: RHB Wiliama Dana
|
0-0: Fielders Choice at 2nd, 6-4 (Groundball, 6M, EV 105.0 MPH) Tristan Smeets to third
|
|
Batting: RHB Chris Riddel
|
0-0: Called Strike 0-1: Ball 1-1: Foul Ball, location: 2F 1-2: Ball 2-2: Ball Wiliama Dana is caught stealing 2nd base 2-4
|
| Bottom of the 6th over - 0 runs, 0 hits, 0 errors, 1 left on base; Auburn 5 - Milwaukee (NYP) 4 |
| TOP OF THE 7TH |
|
Auburn Doubledays batting - Pitching for Milwaukee (NYP) Brewers : RHP Sam Alexander
|
|
Now at 3B: Jonathan Sarles
|
|
|
Batting: RHB Franklin Ortega
|
0-0: Ball 1-0: Swinging Strike 1-1: Called Strike 1-2: Strikes out swinging
|
|
Batting: RHB Victor Rojas
|
0-0: Called Strike 0-1: Ball 1-1: Ball 2-1: Foul Ball, location: 2F 2-2: Ball 3-2: Foul Ball, location: 2F 3-2: Foul Ball, location: 2F 3-2: Strikes out swinging
|
|
Batting: RHB Jess Thomas
|
0-0: Ball 1-0: Ball 2-0: Foul Ball, location: 2F 2-1: Called Strike 2-2: Foul Ball, location: 2F 2-2: Strikes out swinging
|
| Top of the 7th over - 0 runs, 0 hits, 0 errors, 0 left on base; Auburn 5 - Milwaukee (NYP) 4 |
| BOTTOM OF THE 7TH |
|
Milwaukee (NYP) Brewers batting - Pitching for Auburn Doubledays : RHP Carlos Perez
|
|
Pitching: RHP Michael Bastian
|
|
|
Batting: RHB Chris Riddel
|
0-0: Ball 1-0: Foul Ball, location: 2F 1-1: Ball 2-1: Ball 3-1: Fly out, F3 (Popup, 34S, EV 82.5 MPH)
|
|
Batting: RHB Chris Maul
|
0-0: Called Strike 0-1: Ball 1-1: Called Strike 1-2: Strikes out looking
|
|
Batting: LHB Fumito Sakurai
|
0-0: Called Strike 0-1: Ball 1-1: Foul Ball, location: 2F 1-2: Ball 2-2: Foul Ball, location: 2F 2-2: Ball 3-2: Strikes out swinging
|
| Bottom of the 7th over - 0 runs, 0 hits, 0 errors, 0 left on base; Auburn 5 - Milwaukee (NYP) 4 |
| TOP OF THE 8TH |
|
Auburn Doubledays batting - Pitching for Milwaukee (NYP) Brewers : RHP Sam Alexander
|
|
Batting: RHB Luis Vargas
|
0-0: Ball 1-0: Ball 2-0: DOUBLE (Flyball, 89D, EV 102.5 MPH)
|
|
Batting: RHB Akira Ishihara
|
0-0: Intentional Walk
|
|
Batting: RHB Charlie Iacovone
|
0-0: Fielders Choice at 2nd, 6-4 (Groundball, 6, EV 103.1 MPH) Luis Vargas to third
|
|
Batting: LHB Tony Olvera
|
0-0: Foul Ball, location: 2F 0-1: Called Strike 0-2: Strikes out swinging
|
|
Batting: RHB Jason Curry
|
0-0: SINGLE (Flyball, 89S, EV 98.8 MPH) Luis Vargas scores Charlie Iacovone to second Runner from 2nd tries for 3rd, OUT! 9-5
|
| Top of the 8th over - 1 run, 2 hits, 0 errors, 1 left on base; Auburn 6 - Milwaukee (NYP) 4 |
| BOTTOM OF THE 8TH |
|
Milwaukee (NYP) Brewers batting - Pitching for Auburn Doubledays : RHP Michael Bastian
|
|
Batting: RHB Ryan Miller
|
0-0: Ball 1-0: Ball 2-0: Called Strike 2-1: Foul Ball, location: 2F 2-2: Ball 3-2: Ground out U3 (Groundball, 34, EV 88.1 MPH)
|
|
Batting: RHB Alfredo Sena
|
0-0: Foul Ball, location: 2F 0-1: Swinging Strike 0-2: Foul Ball, location: 2F 0-2: Hit by Pitch
|
|
Batting: RHB Tristan Smeets
|
0-0: Called Strike 0-1: Swinging Strike 0-2: SINGLE (Groundball, 4M, EV 102.5 MPH) (infield hit) Alfredo Sena to second
|
|
Batting: RHB Jeremy Harden
|
0-0: Ball 1-0: SINGLE (Groundball, 6M, EV 105.0 MPH) (infield hit) Alfredo Sena to third Tristan Smeets to second
|
|
Batting: RHB Jonathan Sarles
|
0-0: Called Strike 0-1: Called Strike 0-2: Strikes out swinging
|
|
Batting: RHB Wiliama Dana
|
0-0: Ball 1-0: Called Strike 1-1: Ball 2-1: Swinging Strike 2-2: SINGLE (Groundball, 25, EV 68.1 MPH) (infield hit) Alfredo Sena scores Tristan Smeets to third Jeremy Harden to second
|
|
Batting: RHB Chris Riddel
|
0-0: Ball 1-0: Ball 2-0: Foul Ball, location: 2F 2-1: Ball 3-1: Foul Ball, location: 2F 3-2: Strikes out swinging
|
| Bottom of the 8th over - 1 run, 3 hits, 0 errors, 3 left on base; Auburn 6 - Milwaukee (NYP) 5 |
| TOP OF THE 9TH |
|
Auburn Doubledays batting - Pitching for Milwaukee (NYP) Brewers : RHP Sam Alexander
|
|
Batting: RHB Ivan Torres
|
0-0: Ball 1-0: Called Strike 1-1: Swinging Strike 1-2: Foul Ball, location: 2F 1-2: Foul Ball, location: 2F 1-2: Strikes out swinging
|
|
Batting: RHB Franklin Ortega
|
0-0: Ball 1-0: Called Strike 1-1: Ball 2-1: Ball 3-1: Base on Balls
|
|
Pitching: RHP Allen Gans
|
|
|
Batting: RHB Victor Rojas
|
0-0: Called Strike 0-1: Swinging Strike 0-2: Ball 1-2: Foul Ball, location: 2F 1-2: Strikes out swinging
|
|
Pinch Hitting: LHB Mike Hamilton
|
0-0: Called Strike 0-1: Called Strike 0-2: Ball 1-2: Ball 2-2: Ball Franklin Ortega is caught stealing 2nd base 2-6
|
| Top of the 9th over - 0 runs, 0 hits, 0 errors, 0 left on base; Auburn 6 - Milwaukee (NYP) 5 |
| BOTTOM OF THE 9TH |
|
Milwaukee (NYP) Brewers batting - Pitching for Auburn Doubledays : RHP Michael Bastian
|
|
Pitching: RHP Kareem Linz
|
|
|
Now at 1B: Armando Moreno
|
|
|
Now at SS: Ivan Torres
|
|
|
Now in LF: Carlos Guadarrama
|
|
|
Batting: RHB Chris Maul
|
0-0: Called Strike 0-1: Ball 1-1: Called Strike 1-2: Strikes out swinging
|
|
Batting: LHB Fumito Sakurai
|
0-0: Ball 1-0: Called Strike 1-1: SINGLE (Line Drive, 9LD, EV 108.8 MPH)
|
|
Pitching: RHP Cody Hadden
|
|
|
Batting: RHB Ryan Miller
|
0-0: Called Strike 0-1: Ball 1-1: Ball 2-1: Foul Ball, location: 2F 2-2: Strikes out swinging
|
|
Batting: RHB Alfredo Sena
|
0-0: Called Strike 0-1: Foul Ball, location: 2F 0-2: Foul Ball, location: 2F 0-2: Foul Ball, location: 2F 0-2: Ball 1-2: Strikes out swinging
|
| Bottom of the 9th over - 0 runs, 1 hit, 0 errors, 1 left on base; Auburn 6 - Milwaukee (NYP) 5 |
|